 Dungeon Sprint DCSS version 0.22-s0-7-g9bd97608bc (console) character file.

1821 hilarita the Human Cataclysm (level 9, -8/111 HPs)
             Began as a Human Fighter on Oct 4, 2019.
             Was a High Priest of Qazlal.
             Mangled by Jalugh the pandemonium lord (23 damage)
             ... in the Dungeon (Sprint V: "Ziggurat Sprint").
             The game lasted 00:03:33 (496 turns).

hilarita the Human Cataclysm (Human Fighter)         Turns: 496, Time: 00:03:34

Health: -8/111     AC: 22    Str: 37    XL:     9   Next: 32%
Magic:  12/18      EV:  5    Int:  9    God:    Qazlal [*****.]
Gold:   0          SH: 20    Dex: 10    Spells: 8/8 levels left

rFire    + . .     SeeInvis +   y - +14 obsidian axe {chop, +Fly SInv *Curse} (curse)
rCold    + . .     Gourm    .   L - +0 shield "Zuireq" {rElec Regen+ Dex-2}
rNeg     . . .     Faith    .   l - +5 gold dragon scales
rPois    +         Spirit   .   (no helmet)
rElec    +         Reflect  .   (no cloak)
rCorr    .         Harm     .   (no gloves)
MR       .....     NoTele   +   (no boots)
Stlth    ..........             (no amulet)
HPRegen  0.68/turn              C - +6 ring of strength
MPRegen  0.16/turn              D - +6 ring of strength

@: berserking (expiring), lethally poisoned (-8 -> -18), mesmerised, repel
missiles, very quick
A: no striking features
a: Upheaval, Elemental Force, Disaster Area, Renounce Religion, Evoke Flight


You were in the Dungeon.
You worshipped Qazlal.
Qazlal was extremely pleased with you.
You were not hungry.

You visited 1 branch

Inventory:

Hand Weapons
 y - the cursed +14 obsidian axe (weapon) {chop, +Fly SInv *Curse}
   (You found it in the Dungeon)

   It inflicts extra damage upon your enemies.
   It lets you see invisible.
   It lets you fly.
   It curses itself when equipped.
   It has a curse placed upon it.
Armour
 l - +5 gold dragon scales (worn)
 L - the +0 shield "Zuireq" (worn) {rElec Regen+ Dex-2}
   (You found it in the Dungeon)

   It affects your dexterity (-2).
   It insulates you from electricity.
   It increases your rate of regeneration.
Jewellery
 a - a +6 ring of dexterity
 b - a +6 ring of dexterity
 c - an uncursed ring of resist corrosion
 A - a +6 ring of intelligence
 B - a +6 ring of intelligence
 C - a +6 ring of strength (left hand)
 D - a +6 ring of strength (right hand)
 E - an uncursed ring of flight
 K - an uncursed ring of protection from magic
Wands
 F - a wand of disintegration (7)
 G - a wand of iceblast (7)
 H - a wand of acid (7)
Scrolls
 k - 4 scrolls of blinking
 r - 4 scrolls of amnesia
 s - 7 scrolls of fog
 t - a scroll of holy word
 u - 5 scrolls of identify
 v - 5 scrolls of remove curse
 w - 2 scrolls of fear
Potions
 d - 6 potions of might
 e - 11 potions of curing
 g - 9 potions of heal wounds
 h - 6 potions of haste
 i - 8 potions of magic
 j - 2 potions of berserk rage
 m - 2 potions of brilliance
 n - 2 potions of invisibility
 o - 4 potions of resistance
 q - 5 potions of agility
Miscellaneous
 I - a sack of spiders
 J - 2 boxes of beasts
Comestibles
 f - 5 bread rations
 p - a chunk of flesh
 x - 42 fruits
 z - 4 meat rations


   Skills:
 + Level 8.2 Fighting
 + Level 7.9 Axes
 + Level 9.4 Armour
 + Level 9.2 Shields
 * Level 12.4 Invocations


You had 8 spell levels left.
You didn't know any spells.
Your spell library contained the following spells:

 Spells                   Type           Power        Failure   Level  Hunger
 Ensorcelled Hibernation  Hex/Ice        #.....       100%        2    ###....
 Sublimation of Blood     Necr           #.........   100%        2    ###....
 Ignite Poison            Fire/Tmut/Pois #.......     100%        3    ####...
 Petrify                  Tmut/Erth      #.......     100%        4    #####..
 Alistair's Intoxication  Tmut/Pois      #.......     100%        5    ######.
 Borgnjor's Vile Clutch   Necr/Erth      #.........   100%        5    ######.
 Irradiate                Conj/Tmut      #.........   100%        5    ######.
 Silence                  Hex/Air        #.........   100%        5    ######.
 Darkness                 Hex            #.........   100%        6    #######
 Shadow Creatures         Summ           N/A          100%        6    #######


Dungeon Overview and Level Annotations

Branches:
Dungeon (1/1)

Altars:
Ashenzari
Cheibriados
Dithmenos
Elyvilon
Fedhas
Gozag
Hepliaklqana
Kikubaaqudgha
Makhleb
Nemelex Xobeh
Okawaru
Qazlal
Ru
Sif Muna
Trog
Uskayaw
Vehumet
Wu Jian
Xom
Yredelemnul
Zin
The Shining One
Beogh
Jiyva
Lugonu

Annotations:
D 1 transporter


Message History

Jalugh is severely wounded.
You feel sick. You block Jalugh's attack.
You miss Jalugh.
Jalugh is severely wounded.
You feel sick. You block Jalugh's attack.
You completely miss Jalugh.
Jalugh is severely wounded.
You feel sick. Jalugh gestures at you. The poison arrow hits you!
You are more poisoned.
You partially resist.
* * * LOW HITPOINT WARNING * * *
You completely miss Jalugh.
Jalugh is severely wounded.
You feel sick. You block Jalugh's attack.
You completely miss Jalugh.
Jalugh is severely wounded.
You feel sick. Jalugh hits you!!
You die...

▓.▓....▓.▓.▓....▓.▓
▓...©....▓...©....▓
▓▓▓▓▓▓▓▓▓▓▓▓▓▓▓▓▓▓▓
▓...8©8...▓..8©8..▓
▓..|=}....▓..)....▓
▓...≈)"...▓..))[..▓
▓.≈.......▓.......▓
▓.........▓.......▓
▓....§....▓.......▓
▓..§.&.§..▓.......▓
▓.▓..@§.▓.▓.▓...▓.▓
▓...§©....▓...©...▓
▓▓▓▓▓▓▓▓▓▓▓▓▓▓▓▓▓▓▓
▓..8©8..▓ ▓..|})..▓
▓..)))..▓ ▓.......▓
▓..†..†.▓ ▓...†...▓
▓.......▓ ▓.▓...▓.▓


You could see Jalugh.

Vanquished Creatures
  2 draconians (D)
  Sigmund (D)
  A ynoxinul (D)
  A water moccasin (D)
  A hell hound (D)
  A porcupine (D)
  Blork the orc (D)
  2 bullfrogs (D)
  A crimson imp (D)
  2 quasits (D)
  Crazy Yiuf (D)
  An iron imp (D)
  Jessica (D)
  An iguana (D)
  An adder (D)
  A shadow imp (D)
  2 white imps (D)
  An ufetubus (D)
  An adder skeleton (D)
  2 orcs (D)
  3 ball pythons (D)
  A bat skeleton (D)
  A jackal (D)
  A leopard gecko skeleton (D)
31 creatures vanquished.

Vanquished Creatures (collateral kills)
  A raiju (D)
  An orc wizard (D)
  An adder (D)
  An ufetubus (D)
4 creatures vanquished.

Vanquished Creatures (others)
  A crimson imp (D)
1 creature vanquished.

Grand Total: 36 creatures vanquished

Notes
Turn   | Place    | Note
-------+----------+-------------------------------------------
     0 | D        | hilarita the Human Fighter began the quest for the Orb.
     0 | D        | Reached XP level 1. HP: 18/18 MP: 1/1
    15 | D        | Found a deep blue altar of Sif Muna.
    15 | D        | Found a sacrificial altar of Ru.
    15 | D        | Found a bloodstained altar of Trog.
    15 | D        | Found a stormy altar of Qazlal.
    15 | D        | Found an iron altar of Okawaru.
    15 | D        | Found a sparkling altar of Nemelex Xobeh.
    15 | D        | Found a blossoming altar of Fedhas.
    16 | D        | Found the +6 Majin-Bo {vamp, Archmagi MP+6 Int+6}
    16 | D        | Found the +7 great mace "Firestarter" {inner flame, rF++}
    17 | D        | Found a transporter.
    17 | D        | Found an ancient bone altar of Kikubaaqudgha.
    17 | D        | Found a viscous altar of Jiyva.
    17 | D        | Found a corrupted altar of Lugonu.
    17 | D        | Found a hazy altar of Hepliaklqana.
    17 | D        | Found a burning altar of Makhleb.
    17 | D        | Found an opulent altar of Gozag.
    26 | D        | Found the +9 heavy crossbow "Sniper" {velocity, Acc+∞ SInv}
    26 | D        | Found the +10 dark maul {crush}
    26 | D        | Found the +15 Maxwell's patent armour {-Cast -Tele rElec
                  | MR+ rCorr}
    26 | D        | Found the +18 shield of the Gong {rElec rN+ MR+ EV-5}
    26 | D        | Found the cursed +14 obsidian axe {chop, +Fly SInv *Curse}
    40 | D        | Became a worshipper of Qazlal Stormbringer
    51 | D        | Reached skill level 5 in Armour
    51 | D        | Reached skill level 5 in Shields
    51 | D        | Reached skill level 4 in Invocations
    51 | D        | Reached XP level 2. HP: 24/24 MP: 1/5
   102 | D        | Entered arena 2.
   102 | D        | Noticed a draconian
   102 | D        | Noticed a draconian
   102 | D        | Found a transporter.
   113 | D        | Killed a draconian
   113 | D        | Reached skill level 5 in Fighting
   113 | D        | Reached skill level 5 in Axes
   113 | D        | Reached skill level 9 in Invocations
   113 | D        | Reached XP level 3. HP: 33/34 MP: 6/9
   113 | D        | Reached XP level 4. HP: 39/40 MP: 6/10
   113 | D        | Reached XP level 5. HP: 45/46 MP: 6/11
   113 | D        | Reached XP level 6. HP: 51/52 MP: 6/12
   113 | D        | Reached XP level 7. HP: 56/57 MP: 6/13
   113 | D        | Killed a draconian
   113 | D        | Reached skill level 10 in Invocations
   172 | D        | Entered arena 3.
   172 | D        | Found a transporter.
   174 | D        | Reached * piety under Qazlal
   192 | D        | Entered arena 4.
   192 | D        | Noticed a raiju
   192 | D        | Found a transporter.
   194 | D        | Reached ** piety under Qazlal
   196 | D        | Reached XP level 8. HP: 35/65 MP: 15/15
   199 | D        | Killed a raiju
   340 | D        | Entered arena 5.
   340 | D        | Noticed Sigmund
   340 | D        | Noticed Jessica
   340 | D        | Noticed Blork the orc
   340 | D        | Noticed Crazy Yiuf
   340 | D        | Found a transporter.
   342 | D        | Killed Crazy Yiuf
   345 | D        | Killed Sigmund
   345 | D        | Reached skill level 11 in Invocations
   346 | D        | Killed Jessica
   346 | D        | Reached *** piety under Qazlal
   346 | D        | Killed Blork the orc
   377 | D        | Entered arena 6.
   377 | D        | Found a transporter.
   380 | D        | Reached **** piety under Qazlal
   393 | D        | Entered arena 7.
   394 | D        | Found a transporter.
   396 | D        | Noticed a sixfirhy
   398 | D        | Reached ***** piety under Qazlal
   404 | D        | Got the +0 shield "Zuireq" {rElec Regen+ Dex-2}
   424 | D        | Entered arena 8.
   425 | D        | Found a transporter.
   427 | D        | Reached skill level 12 in Invocations
   427 | D        | Reached XP level 9. HP: 74/74 MP: 16/18
   483 | D        | Entered arena 9.
   483 | D        | Noticed Jalugh the pandemonium lord
   484 | D        | Found a transporter.
   485 | D        | Reached ****** piety under Qazlal
   496 | D        | Mangled by Jalugh the pandemonium lord

Vault maps used:
D:        sprint_v

Skill      XL: |  1  2  3  4  5  6  7  8  9 |
---------------+----------------------------+-----
Armour         | 5 7 8 9 |  9.4
Shields        | 5 7 8 9 |  9.2
Invocations    | 4 9 10 12 | 12.4
Fighting       | 5 6 7 8 |  8.2
Axes           | 5 6 7 |  7.9

Action                   |  1- 3 |  4- 6 |  7- 9 || total
-------------------------+-------+-------+-------++-------
Melee: Broad axe         |     9 |       |    30 ||    39
Invok: Disaster Area     |       |       |     2 ||     2
  Use: Potion            |     2 |       |     1 ||     3
Armor: Gold dragon scale |    11 |       |    30 ||    41
Dodge: Dodged            |     3 |       |     1 ||     4
Block: Shield            |     7 |       |    34 ||    41

Table legend:
 A = Spawn XP
 B = Non-spawn XP
 C = Spawn XP percentage of total XP
 D = Spawn monster count
 E = Non-spawn monster count
 F = Spawn count percentage of total count
 G = Total turns spent on level
                    A         B        C        D         E        F      G
               +---------+---------+-------+---------+---------+-------+---------
         Total |       0 |    2593 |   0.0 |       0 |      36 |   0.0 |   496
               +---------+---------+-------+---------+---------+-------+---------
             D |       0 |    2593 |   0.0 |       0 |      36 |   0.0 |   496
               +---------+---------+-------+---------+---------+-------+---------
